[Event "elllobregat Open-A 2019"]
[Site "El Prat de Llobregat"]
[Date "2019.12.07"]
[Round "5.12"]
[White "Jerez Perez, Alfonso"]
[Black "Karthik Venkataraman"]
[Result "1/2-1/2"]
[ECO "B06"]
[WhiteElo "2369"]
[BlackElo "2470"]
[Annotator "ChessBase"]
[PlyCount "77"]
[EventDate "2019.12.03"]
[EventType "swiss"]
[EventCountry "ESP"]
[SourceTitle "playchess.com"]
[Source "ChessBase"]
[SourceQuality "1"]
[TimeControl "40/5400+30:1800+30"]

1. e4 g6 2. d4 Bg7 3. Nc3 d6 4. Nf3 a6 5. a4 Nf6 6. Be2 O-O 7. O-O Nc6 8. Be3 e5 9. h3 exd4 10. Nxd4 Re8 11. Nxc6 bxc6 12. Bf3 Rb8 13. Rb1 Nd7 14. Qd2 Qf6 15. Rfe1 h5 16. Be2 Nc5 17. Bxc5 dxc5 18. Bc4 Rxb2 19. Rxb2 Qxc3 20. Qxc3 Bxc3 21. Rbb1 Bxe1 22. Rxe1 Be6 23. Bxe6 Rxe6 24. f3 Rd6 25. Rb1 Rd4 26. a5 Rb4 27. Rd1 Rb5 28. Rd7 c4 29. Rxc7 c5 30. Kf2 Rxa5 31. Ke3 h4 32. e5 g5 33. Ke4 Ra2 34. Kf5 Rxc2 35. Kf6 Rxg2 36. e6 fxe6 37. Rc8+ Kh7 38. Rc7+ Kg8 39. Rc8+ 1/2-1/2

[Event "elllobregat Open-A 2019"]
[Site "El Prat de Llobregat"]
[Date "2019.12.07"]
[Round "5.13"]
[White "Gagare, Shardul"]
[Black "Bobadilla Viera, Jorge Samuel"]
[Result "1-0"]
[ECO "B51"]
[WhiteElo "2468"]
[BlackElo "2339"]
[Annotator "ChessBase"]
[PlyCount "77"]
[EventDate "2019.12.03"]
[EventType "swiss"]
[EventCountry "ESP"]
[SourceTitle "playchess.com"]
[Source "ChessBase"]
[SourceQuality "1"]
[TimeControl "40/5400+30:1800+30"]

1. e4 c5 2. Nf3 d6 3. Bb5+ Nd7 4. O-O a6 5. Bd3 Ngf6 6. c3 b5 7. a4 c4 8. Be2 Bb7 9. axb5 axb5 10. Rxa8 Bxa8 11. Na3 Bxe4 12. Nxb5 d5 13. b3 cxb3 14. Qxb3 e6 15. Ba3 Nc5 16. Qb4 Bxf3 17. gxf3 Be7 18. Rb1 g5 19. Qd4 Ncd7 20. Nd6+ Kf8 21. Rb7 Qa5 22. Ra7 Qxa3 23. Rxa3 Bxd6 24. Ra6 Bf4 25. Ra7 Ne5 26. Ra8+ Kg7 27. Rxh8 Kxh8 28. d3 Kg7 29. c4 dxc4 30. dxc4 Ng8 31. Bd3 f5 32. c5 Nf6 33. Kg2 h5 34. h4 Nxd3 35. hxg5 Bxg5 36. Qxd3 Nd5 37. Qb5 Be7 38. Qd7 Kf6 39. c6 1-0

[Event "elllobregat Open-A 2019"]
[Site "El Prat de Llobregat"]
[Date "2019.12.07"]
[Round "5.15"]
[White "Narciso Dublan, Marc"]
[Black "Sankalp Gupta"]
[Result "1-0"]
[ECO "B20"]
[WhiteElo "2516"]
[BlackElo "2365"]
[Annotator "ChessBase"]
[PlyCount "59"]
[EventDate "2019.12.03"]
[EventType "swiss"]
[EventCountry "ESP"]
[SourceTitle "playchess.com"]
[Source "ChessBase"]
[SourceQuality "1"]
[TimeControl "40/5400+30:1800+30"]

1. e4 c5 2. Be2 Nc6 3. f4 g6 4. Nf3 Bg7 5. O-O e6 6. c3 d5 7. d3 Nge7 8. Na3 O-O 9. Nc2 b6 10. e5 a5 11. d4 Ba6 12. Bxa6 Rxa6 13. Be3 cxd4 14. cxd4 b5 15. Nce1 Qb6 16. Nd3 Ra7 17. g4 Nb4 18. Nxb4 axb4 19. Qd2 Rfa8 20. Qxb4 Nc6 21. Qc5 Qxc5 22. dxc5 Rxa2 23. Rxa2 Rxa2 24. Nd4 Nxd4 25. Bxd4 Kf8 26. c6 Ke8 27. Rc1 Kd8 28. Bc5 g5 29. Bd6 gxf4 30. Rc5 1-0

[Event "elllobregat Open-A 2019"]
[Site "El Prat de Llobregat"]
[Date "2019.12.07"]
[Round "5.16"]
[White "Pigeat, Alexandre"]
[Black "Girish, A. Koushik"]
[Result "0-1"]
[ECO "E46"]
[WhiteElo "2357"]
[BlackElo "2506"]
[Annotator "ChessBase"]
[PlyCount "82"]
[EventDate "2019.12.03"]
[EventType "swiss"]
[EventCountry "ESP"]
[SourceTitle "playchess.com"]
[Source "ChessBase"]
[SourceQuality "1"]
[TimeControl "40/5400+30:1800+30"]

1. d4 Nf6 2. c4 e6 3. Nc3 Bb4 4. e3 O-O 5. Nge2 Re8 6. a3 Bf8 7. Ng3 d5 8. cxd5 exd5 9. Bd3 a5 10. O-O Na6 11. Bc2 c6 12. e4 Nxe4 13. Ngxe4 dxe4 14. Bxe4 Nc7 15. Bf3 Be6 16. Be3 Nd5 17. Rc1 g6 18. Qd2 Nxe3 19. fxe3 Bh6 20. Kh1 Bc4 21. Rfe1 Qe7 22. Nd1 Bb3 23. Rc3 a4 24. Qf2 Rad8 25. Rf1 f5 26. Qg3 Kg7 27. h3 Qd6 28. Qe1 f4 29. Nf2 fxe3 30. Ng4 Bf4 31. Be2 h5 32. Ne5 Bxe5 33. dxe5 Qxe5 34. Rf3 Qd4 35. Qf1 Bd5 36. Rf4 Qe5 37. Kg1 Rf8 38. Rxf8 Rxf8 39. Qe1 Rf2 40. Bf3 Bxf3 41. Rxe3 Rxg2+ 0-1

[Event "elllobregat Open-A 2019"]
[Site "El Prat de Llobregat"]
[Date "2019.12.07"]
[Round "5.17"]
[White "Movsziszian, Karen"]
[Black "Gual Pascual, Antonio"]
[Result "1-0"]
[ECO "A36"]
[WhiteElo "2476"]
[BlackElo "2349"]
[Annotator "ChessBase"]
[PlyCount "115"]
[EventDate "2019.12.03"]
[EventType "swiss"]
[EventCountry "ESP"]
[SourceTitle "playchess.com"]
[Source "ChessBase"]
[SourceQuality "1"]
[TimeControl "40/5400+30:1800+30"]

1. g3 c5 2. Bg2 Nc6 3. c4 g6 4. Nc3 Bg7 5. d3 e6 6. e4 Nge7 7. Nge2 d6 8. O-O O-O 9. a3 b6 10. Rb1 Bb7 11. b4 Qd7 12. Be3 Nd4 13. Qd2 Rac8 14. Bh6 Nxe2+ 15. Nxe2 Bxh6 16. Qxh6 d5 17. cxd5 exd5 18. bxc5 dxe4 19. dxe4 Rxc5 20. Rfd1 Qc7 21. h4 Rc2 22. Nd4 Rc4 23. Nf3 f6 24. Rd4 Rxd4 25. Nxd4 Qc4 26. Rc1 Qxd4 27. Rc7 Qd1+ 28. Kh2 Qh5 29. Qxh5 gxh5 30. Rxb7 Nc8 31. Bh3 Nd6 32. Be6+ Kh8 33. Rxa7 Re8 34. Bf7 Rxe4 35. Bxh5 Re5 36. Bf3 Nc4 37. h5 h6 38. Kg2 Kg8 39. a4 Rc5 40. Bd1 Na5 41. Ra6 Rc6 42. Bf3 Rd6 43. Be4 Nc4 44. Ra8+ Kf7 45. Ra7+ Ke6 46. Rh7 Ke5 47. Bg6 Rd2 48. Kf3 Kd6 49. g4 Ra2 50. Bf5 Rxa4 51. Rxh6 Ke5 52. Rh7 Ra3+ 53. Kg2 Nd6 54. Bg6 f5 55. Re7+ Kf6 56. Rd7 Ke6 57. Rd8 fxg4 58. h6 1-0

[Event "elllobregat Open-A 2019"]
[Site "El Prat de Llobregat"]
[Date "2019.12.07"]
[Round "5.18"]
[White "Mendonca, Leon Luke"]
[Black "Kulkarni Bhakti"]
[Result "1/2-1/2"]
[ECO "A06"]
[WhiteElo "2398"]
[BlackElo "2418"]
[Annotator "NA"]
[PlyCount "104"]
[EventDate "2019.12.03"]
[EventType "swiss"]
[EventCountry "ESP"]
[SourceTitle "playchess.com"]
[Source "ChessBase"]
[SourceQuality "1"]
[TimeControl "40/5400+30:1800+30"]

1. Nf3 d5 2. c4 c6 3. d4 Nf6 4. g3 Bg4 5. Ne5 Bf5 6. cxd5 Qxd5 7. f3 Bxb1 8. Rxb1 e6 9. a3 Be7 10. e4 Qd8 11. Be3 Nbd7 12. Nd3 O-O 13. Kf2 a5 14. Rc1 a4 15. Be2 Ne8 16. Kg2 Nd6 17. Qd2 h6 18. Nc5 Nxc5 19. dxc5 Nb5 20. Qb4 Qc7 21. Rhd1 Rfd8 22. Rxd8+ Rxd8 23. Rd1 Bf6 24. Rxd8+ Qxd8 25. Bxb5 cxb5 26. Qxb5 Qd1 27. e5 Qc2+ 28. Bf2 Bxe5 29. Qxb7 Bxb2 30. Qb8+ Kh7 31. Qb4 e5 32. Qe4+ Qxe4 33. fxe4 Bxa3 34. c6 Bd6 35. Bb6 a3 36. c7 a2 37. c8=Q a1=Q 38. Qf5+ Kg8 39. Qc8+ Kh7 40. Qf5+ Kg8 41. Qc8+ Bf8 42. Bc5 Qa2+ 43. Kh3 Qe6+ 44. Qxe6 fxe6 45. Be3 Kf7 46. Kg4 g6 47. Kf3 h5 48. h3 Bb4 49. g4 Kf6 50. Bc1 Bc3 51. Be3 Bd4 52. Bd2 Bb2 1/2-1/2

[Event "elllobregat Open-A 2019"]
[Site "El Prat de Llobregat"]
[Date "2019.12.09"]
[Round "7.9"]
[White "Akash Pc, Iyer"]
[Black "Sosa, Tomas"]
[Result "0-1"]
[ECO "A40"]
[WhiteElo "2415"]
[BlackElo "2520"]
[Annotator "RC"]
[PlyCount "78"]
[EventDate "2019.12.03"]
[EventType "swiss"]
[EventCountry "ESP"]
[SourceTitle "playchess.com"]
[Source "ChessBase"]
[SourceQuality "1"]
[TimeControl "40/5400+30:1800+30"]

1. d4 e6 2. c4 b6 3. Nc3 Bb7 4. e3 Nf6 5. Nge2 g6 6. Qc2 Bg7 7. e4 O-O 8. Bg5 h6 9. Bh4 g5 10. Bg3 d5 11. e5 Ne4 12. O-O-O Nxc3 13. Nxc3 Nc6 14. h4 dxc4 15. Qd2 Nb4 16. hxg5 Qxg5 17. Bf4 Qg6 18. Bxh6 Rad8 19. Bxg7 Kxg7 20. Rh4 c5 21. Rh3 Rxd4 22. Rg3 Qxg3 23. fxg3 Rxd2 24. Rxd2 Nc6 25. Rd7 Rb8 26. Nb5 Nxe5 27. Rc7 a6 28. Nd6 Bd5 29. Nc8 Kf8 30. a4 Ke8 31. Nd6+ Kf8 32. Nc8 Ke8 33. Nd6+ Kd8 34. Ra7 f5 35. Kd2 b5 36. axb5 axb5 37. Ke3 Rb6 38. Nf7+ Nxf7 39. Rxf7 Ra6 0-1

[Event "elllobregat Open-A 2019"]
[Site "El Prat de Llobregat"]
[Date "2019.12.10"]
[Round "8.2"]
[White "Erigaisi Arjun"]
[Black "Iniyan, P."]
[Result "1-0"]
[ECO "A35"]
[WhiteElo "2604"]
[BlackElo "2392"]
[Annotator "RC"]
[PlyCount "65"]
[EventDate "2019.12.03"]
[EventType "swiss"]
[EventCountry "ESP"]
[SourceTitle "playchess.com"]
[Source "ChessBase"]
[SourceQuality "1"]
[TimeControl "40/5400+30:1800+30"]

1. c4 c5 2. Nc3 Nc6 3. Nf3 e5 4. e3 d6 5. d4 exd4 6. exd4 Bg4 7. Be2 Nf6 8. Be3 Be7 9. d5 Bxf3 10. Bxf3 Ne5 11. Be2 Qd7 12. f4 Ng6 13. g4 h5 14. g5 Ng4 15. Bd2 Nh4 16. Qa4 Qxa4 17. Nxa4 g6 18. h3 Ng2+ 19. Kf1 N4e3+ 20. Kf2 Nxf4 21. Bxe3 Bxg5 22. Kf3 Nxe2 23. Rae1 Kd7 24. Rxe2 Bf6 25. Nc3 Rae8 26. Ne4 Bd8 27. Bf4 f5 28. Ng5 Bxg5 29. Bxg5 Rxe2 30. Kxe2 Re8+ 31. Kf2 b5 32. Re1 Re5 33. Bf4 1-0

[Event "elllobregat Open-A 2019"]
[Site "El Prat de Llobregat"]
[Date "2019.12.10"]
[Round "8.3"]
[White "Bartel, Mateusz"]
[Black "Kjartansson, Gudmundur"]
[Result "1-0"]
[ECO "C18"]
[WhiteElo "2525"]
[BlackElo "2324"]
[Annotator "ChessBase"]
[PlyCount "83"]
[EventDate "2019.12.03"]
[EventType "swiss"]
[EventCountry "ESP"]
[SourceTitle "playchess.com"]
[Source "ChessBase"]
[SourceQuality "1"]
[TimeControl "40/5400+30:1800+30"]

1. e4 e6 2. d4 d5 3. Nc3 Bb4 4. e5 c5 5. a3 Bxc3+ 6. bxc3 Qa5 7. Bd2 Qa4 8. h4 Nc6 9. h5 h6 10. Nf3 Nge7 11. dxc5 Qe4+ 12. Qe2 Qxc2 13. Qb5 Qe4+ 14. Be2 a6 15. Qb1 g5 16. hxg6 Nxg6 17. Be3 Qa4 18. Rh5 Qa5 19. Qb3 d4 20. Nxd4 Nxd4 21. Bxd4 Nf4 22. Rh2 Nxe2 23. Kxe2 Qb5+ 24. Qxb5+ axb5 25. Be3 Bd7 26. Rxh6 Rg8 27. g4 Bc6 28. f3 Ra4 29. Rh7 Rc4 30. Bd4 Ke7 31. Rd1 Ra4 32. Bf2 Bd5 33. Bh4+ Ke8 34. Rxd5 exd5 35. e6 Rf8 36. e7 Rg8 37. Rh5 f6 38. Bxf6 Kf7 39. Bh4 Rxa3 40. Rf5+ Ke6 41. Rf6+ Ke5 42. Rg6 1-0

[Event "elllobregat Open-A 2019"]
[Site "El Prat de Llobregat"]
[Date "2019.12.10"]
[Round "8.6"]
[White "Sosa, Tomas"]
[Black "Verstraeten, Rein"]
[Result "1/2-1/2"]
[ECO "B23"]
[WhiteElo "2481"]
[BlackElo "2365"]
[Annotator "ChessBase"]
[PlyCount "30"]
[EventDate "2019.12.03"]
[EventType "swiss"]
[EventCountry "ESP"]
[SourceTitle "playchess.com"]
[Source "ChessBase"]
[SourceQuality "1"]
[TimeControl "40/5400+30:1800+30"]

1. e4 c5 2. Nc3 a6 3. Nge2 Nf6 4. g3 d5 5. exd5 Nxd5 6. Bg2 Nxc3 7. bxc3 e6 8. O-O Bd6 9. d4 Nd7 10. Bf4 Bxf4 11. Nxf4 O-O 12. Re1 Rb8 13. a4 b5 14. axb5 axb5 15. dxc5 Nxc5 1/2-1/2

[Event "elllobregat Open-A 2019"]
[Site "El Prat de Llobregat"]
[Date "2019.12.10"]
[Round "8.8"]
[White "Alsina Leal, Daniel"]
[Black "Narciso Dublan, Marc"]
[Result "0-1"]
[ECO "A06"]
[WhiteElo "2387"]
[BlackElo "2581"]
[Annotator "RC"]
[PlyCount "117"]
[EventDate "2019.12.03"]
[EventType "swiss"]
[EventCountry "ESP"]
[SourceTitle "playchess.com"]
[Source "ChessBase"]
[SourceQuality "1"]
[TimeControl "40/5400+30:1800+30"]

1. Nf3 d5 2. g3 Bg4 3. Bg2 Nd7 4. c4 e6 5. cxd5 exd5 6. O-O Ngf6 7. h3 Bxf3 8. Bxf3 Be7 9. Bg2 O-O 10. d3 Nc5 11. e3 Qd7 12. Qc2 a5 13. Rd1 Rfd8 14. Nd2 a4 15. Nf3 Ne6 16. Bd2 c5 17. Ne5 Qd6 18. f4 b5 19. Be1 Rac8 20. b3 Qa6 21. bxa4 bxa4 22. Rab1 Bd6 23. Nf3 c4 24. dxc4 Rxc4 25. Qe2 Qc8 26. Rb5 Nc7 27. Rb2 Re8 28. Rd4 Qa6 29. Rxc4 dxc4 30. Rc2 Ncd5 31. Qxc4 Qxc4 32. Rxc4 a3 33. Rc6 Bf8 34. Ne5 Nxe3 35. Bf3 Rb8 36. Nd3 Rd8 37. Rc3 Nf5 38. Bf2 Nd4 39. Kg2 Nxf3 40. Kxf3 g6 41. Ne1 Rb8 42. Rb3 Rxb3+ 43. axb3 a2 44. Bd4 Nd7 45. Nc2 Nc5 46. Na1 f5 47. Ke3 Kf7 48. g4 Ke6 49. Kd2 Kd5 50. Be5 Ke4 51. gxf5 gxf5 52. Kc3 Nd3 53. Bh8 Nxf4 54. Nc2 Nxh3 55. b4 f4 56. Kd2 f3 57. b5 Bc5 58. Ke1 Kd3 59. Na1 {[%emt 0:00:16] Kd4} 0-1

[Event "elllobregat Open-A 2019"]
[Site "El Prat de Llobregat"]
[Date "2019.12.10"]
[Round "8.9"]
[White "Kulkarni Bhakti"]
[Black "Lagarde, Maxime"]
[Result "0-1"]
[ECO "A87"]
[WhiteElo "2224"]
[BlackElo "2630"]
[Annotator "ChessBase"]
[PlyCount "174"]
[EventDate "2019.12.03"]
[EventType "swiss"]
[EventCountry "ESP"]
[SourceTitle "playchess.com"]
[Source "ChessBase"]
[SourceQuality "1"]
[TimeControl "40/5400+30:1800+30"]

1. d4 f5 2. Nf3 Nf6 3. c4 g6 4. g3 Bg7 5. Bg2 O-O 6. O-O d6 7. b3 Nh5 8. Nc3 Nc6 9. Ba3 f4 10. Rc1 Bg4 11. d5 Bxf3 12. exf3 Ne5 13. g4 Nf6 14. g5 Nfd7 15. Bh3 Kh8 16. Be6 c6 17. Ne4 Rc8 18. Kg2 Qa5 19. Bb2 cxd5 20. cxd5 Rxc1 21. Qxc1 Nd3 22. Bxg7+ Kxg7 23. Qa1+ N7e5 24. Rd1 Nc5 25. Nxc5 Qxc5 26. Rc1 Qb6 27. Qc3 h6 28. gxh6+ Kxh6 29. Qc7 Nd3 30. Qxb6 axb6 31. Rc7 Ra8 32. a4 b5 33. axb5 Ra2 34. Rxb7 Rxf2+ 35. Kg1 Rb2 36. Rxe7 Rxb3 37. h4 Ne5 38. b6 Rxb6 39. Bg4 Rb5 40. Re6 Rxd5 41. h5 Kg5 42. hxg6 Nxg6 43. Re8 Rd4 44. Rg8 Kf6 45. Kf2 Ne5 46. Rf8+ Ke7 47. Rf5 Nc4 48. Ke2 d5 49. Bh5 Ke6 50. Bg4 Kd6 51. Bh5 Rd2+ 52. Ke1 Rh2 53. Bg6 Ne3 54. Rf8 Ke5 55. Bd3 Ng2+ 56. Kf1 Nh4 57. Be2 Nf5 58. Ke1 Ng3 59. Re8+ Kd4 60. Ba6 Ra2 61. Re6 Ra5 62. Kf2 Ra3 63. Rb6 Nf5 64. Bc8 Ra2+ 65. Ke1 Ne3 66. Ba6 Nc4 67. Re6 Kc3 68. Rf6 Ne3 69. Rc6+ Kd4 70. Rb6 Nc2+ 71. Kf1 Ke5 72. Bc8 Ra8 73. Re6+ Kd4 74. Ba6 Kc3 75. Kf2 Rh8 76. Rf6 Rh2+ 77. Kg1 Rh4 78. Kf2 Kd2 79. Bb7 d4 80. Be4 d3 81. Rd6 Ne1 82. Ra6 Rh2+ 83. Kg1 Re2 84. Bb7 Re7 85. Be4 Ke2 86. Rd6 Rxe4 87. fxe4 f3 0-1

[Event "elllobregat Open-A 2019"]
[Site "El Prat de Llobregat"]
[Date "2019.12.10"]
[Round "8.11"]
[White "Alonso Rosell, Alvar"]
[Black "Kacharava, Nikolozi"]
[Result "1-0"]
[ECO "A05"]
[WhiteElo "2617"]
[BlackElo "2105"]
[Annotator "ChessBase"]
[PlyCount "175"]
[EventDate "2019.12.03"]
[EventType "swiss"]
[EventCountry "ESP"]
[SourceTitle "playchess.com"]
[Source "ChessBase"]
[SourceQuality "1"]
[TimeControl "40/5400+30:1800+30"]

1. Nf3 Nf6 2. g3 g6 3. Bg2 Bg7 4. c4 d6 5. Nc3 O-O 6. O-O Nc6 7. d3 e5 8. Rb1 a5 9. a3 Re8 10. Bg5 h6 11. Bxf6 Bxf6 12. b4 axb4 13. axb4 Ne7 14. Nd2 Bg7 15. Ra1 Be6 16. Bxb7 Rb8 17. Bg2 Rxb4 18. Ra8 Rb8 19. Rxb8 Qxb8 20. Nd5 Bxd5 21. cxd5 Qa7 22. Qc2 Rb8 23. Rc1 Rb7 24. e3 Qa3 25. Nc4 Qb3 26. Qe2 Ra7 27. Qd1 Qxd1+ 28. Rxd1 Rb7 29. Kf1 Nc8 30. Na5 Rb5 31. Nc6 Bf8 32. Ra1 Ne7 33. Ra8 Kg7 34. Rb8 Rc5 35. Nb4 Rc1+ 36. Ke2 Rb1 37. Na6 Rc1 38. Kd2 Rg1 39. Bf3 Rf1 40. Ke2 Rc1 41. Rb7 Rc2+ 42. Ke1 c5 43. dxc6 Nxc6 44. Kd1 Ra2 45. Bxc6 Rxa6 46. Bd5 Kh8 47. Bxf7 g5 48. Ke2 Rc6 49. h3 Rc2+ 50. Kf3 Rd2 51. Rd7 Kg7 52. Be8+ Kh8 53. Bg6 Kg8 54. Bh7+ Kh8 55. Bf5 Rb2 56. Rf7 Bg7 57. Kg4 d5 58. Rd7 Kg8 59. Kh5 d4 60. exd4 exd4 61. Be6+ Kh7 62. Rd8 Be5 63. f4 gxf4 64. gxf4 Bf6 65. Bf5+ Kg7 66. Rd7+ Kf8 67. Kg6 Be7 68. Be6 Re2 69. Bg4 Rb2 70. Kxh6 Rb6+ 71. Kh5 Rd6 72. Rb7 Kf7 73. Bf3 Rd8 74. Be4 Rh8+ 75. Kg4 Rd8 76. Bg6+ Kf6 77. h4 Ra8 78. h5 Ra1 79. Rb6+ Kg7 80. Be4 Rg1+ 81. Kf5 Bf8 82. h6+ Kg8 83. Ke5 Kh8 84. h7 Rg7 85. Rb8 Rf7 86. Bg6 Re7+ 87. Kf5 Kg7 88. Rxf8 1-0

[Event "elllobregat Open-A 2019"]
[Site "El Prat de Llobregat"]
[Date "2019.12.11"]
[Round "9.1"]
[White "Puranik, Abhimanyu"]
[Black "Narayanan.S.L"]
[Result "1/2-1/2"]
[ECO "B91"]
[WhiteElo "2580"]
[BlackElo "2626"]
[Annotator "ChessBase"]
[PlyCount "80"]
[EventDate "2019.12.03"]
[EventType "swiss"]
[EventCountry "ESP"]
[SourceTitle "playchess.com"]
[Source "ChessBase"]
[SourceQuality "1"]
[TimeControl "40/5400+30:1800+30"]

1. e4 c5 2. Nf3 d6 3. d4 cxd4 4. Nxd4 Nf6 5. Nc3 a6 6. g3 e5 7. Nde2 Be7 8. Bg2 h5 9. Bg5 Be6 10. Qd2 Nbd7 11. f4 b5 12. b3 Nc5 13. f5 Bc8 14. Bxf6 Bxf6 15. h4 Bb7 16. Nd5 Bxd5 17. Qxd5 Rc8 18. O-O Qb6 19. Kh2 Nd7 20. Qd3 Be7 21. Bf3 Nf6 22. c3 O-O 23. Kg2 Rfd8 24. a4 Rc5 25. axb5 axb5 26. Qe3 Qb8 27. Rfd1 Rd7 28. Ra2 Kh7 29. Rda1 d5 30. Ra8 Qc7 31. Qg5 g6 32. fxg6+ fxg6 33. R1a6 Rc6 34. exd5 Nxd5 35. Qc1 Rxa6 36. Rxa6 Qc5 37. b4 Qc4 38. Qb1 Nf6 39. Rc6 Qf7 40. Qc2 Kg7 1/2-1/2

[Event "elllobregat Open-A 2019"]
[Site "El Prat de Llobregat"]
[Date "2019.12.11"]
[Round "9.2"]
[White "Bartel, Mateusz"]
[Black "Erigaisi Arjun"]
[Result "1-0"]
[ECO "B91"]
[WhiteElo "2634"]
[BlackElo "2544"]
[Annotator "ChessBase"]
[PlyCount "107"]
[EventDate "2019.12.03"]
[EventType "swiss"]
[EventCountry "ESP"]
[SourceTitle "playchess.com"]
[Source "ChessBase"]
[SourceQuality "1"]
[TimeControl "40/5400+30:1800+30"]

1. e4 c5 2. Nf3 d6 3. d4 cxd4 4. Nxd4 Nf6 5. Nc3 a6 6. g3 e5 7. Nde2 b5 8. Nd5 Bg4 9. Bg2 Nbd7 10. Bg5 Be7 11. Nxe7 Qxe7 12. Qd2 h6 13. Be3 O-O 14. O-O-O Bxe2 15. Qxe2 Rac8 16. Kb1 Nc5 17. f3 Rfd8 18. Bh3 Ne6 19. Bf2 Qb7 20. Rd3 d5 21. exd5 Rxd5 22. Bxe6 fxe6 23. Rxd5 Qxd5 24. Rd1 Qc6 25. c3 a5 26. g4 b4 27. cxb4 axb4 28. Bg3 e4 29. fxe4 Nxe4 30. Be1 b3 31. axb3 e5 32. Ba5 Qg6 33. Ka2 Ra8 34. Rd8+ Rxd8 35. Bxd8 Kf8 36. Bc7 Nf6 37. Bxe5 Qxg4 38. Qc4 Qd7 39. Bd4 Nd5 40. Ka3 Ke8 41. b4 Qh3+ 42. b3 Ne7 43. Qe2 g6 44. Bc5 Qd7 45. Qe5 Kf7 46. Qh8 Qe6 47. b5 Qe1 48. Ka4 Qh4+ 49. b4 Nf5 50. Qf8+ Ke6 51. Qe8+ Kd5 52. Qxg6 Qh3 53. Qc6+ Ke5 54. b6 {[%emt 0:00:07] Kd5} 1-0

[Event "elllobregat Open-A 2019"]
[Site "El Prat de Llobregat"]
[Date "2019.12.11"]
[Round "9.3"]
[White "Iniyan, P."]
[Black "Lagarde, Maxime"]
[Result "0-1"]
[ECO "C11"]
[WhiteElo "2497"]
[BlackElo "2655"]
[Annotator "ChessBase"]
[PlyCount "78"]
[EventDate "2019.12.03"]
[EventType "swiss"]
[EventCountry "ESP"]
[SourceTitle "playchess.com"]
[Source "ChessBase"]
[SourceQuality "1"]
[TimeControl "40/5400+30:1800+30"]

1. e4 e6 2. d4 d5 3. Nc3 Nf6 4. e5 Nfd7 5. f4 c5 6. Nf3 Nc6 7. Be3 Be7 8. Qd2 O-O 9. dxc5 Qa5 10. a3 Bxc5 11. Bxc5 Nxc5 12. O-O-O Bd7 13. Kb1 Rab8 14. Nxd5 exd5 15. Qxa5 Nxa5 16. Rxd5 b6 17. b4 Bc6 18. Rd2 Ne4 19. Rd4 Nb7 20. Kb2 Nbc5 21. Bc4 b5 22. Bxf7+ Rxf7 23. bxc5 Rxf4 24. Re1 Re8 25. Kc1 h6 26. Nd2 Rxe5 27. g3 Rf7 28. Rexe4 Bxe4 29. Nxe4 Rfe7 30. c6 Rxe4 31. c7 Re1+ 32. Kd2 R1e2+ 33. Kd1 Rxc7 34. Kxe2 Rxc2+ 35. Kf1 Ra2 36. Rd3 Rxh2 37. Rd8+ Kh7 38. Ra8 Ra2 39. Rxa7 b4 0-1

[Event "elllobregat Open-A 2019"]
[Site "El Prat de Llobregat"]
[Date "2019.12.11"]
[Round "9.4"]
[White "Gagare, Shardul"]
[Black "Karthikeyan, Murali"]
[Result "1/2-1/2"]
[ECO "B45"]
[WhiteElo "2468"]
[BlackElo "2611"]
[Annotator "ChessBase"]
[PlyCount "80"]
[EventDate "2019.12.03"]
[EventType "swiss"]
[EventCountry "ESP"]
[SourceTitle "playchess.com"]
[Source "ChessBase"]
[SourceQuality "1"]
[TimeControl "40/5400+30:1800+30"]

1. e4 c5 2. Nf3 e6 3. d4 cxd4 4. Nxd4 Nc6 5. Nc3 Nf6 6. Nxc6 bxc6 7. e5 Nd5 8. Ne4 Qc7 9. f4 Rb8 10. c4 Bb4+ 11. Ke2 O-O 12. cxd5 cxd5 13. Ng5 h6 14. Nf3 Bc5 15. Qc2 Qb6 16. Kd1 d6 17. Bd3 Bd7 18. b3 a5 19. Rb1 Rfc8 20. Qe2 a4 21. g4 axb3 22. axb3 dxe5 23. Nxe5 Be8 24. g5 hxg5 25. fxg5 Bd4 26. Bd2 Qd6 27. Nf3 Bc3 28. Re1 Qa3 29. Bc2 Bb5 30. Qe3 d4 31. Nxd4 Bxd2 32. Qxd2 Rd8 33. g6 f5 34. Rxe6 Qa7 35. Qe3 Rxd4+ 36. Kc1 Rc8 37. Kb2 Ra8 38. Kc1 Rc8 39. Kb2 Ra8 40. Kc1 Rc8 1/2-1/2

[Event "elllobregat Open-A 2019"]
[Site "El Prat de Llobregat"]
[Date "2019.12.11"]
[Round "9.5"]
[White "Bryakin, Mikhail"]
[Black "Alonso Rosell, Alvar"]
[Result "1/2-1/2"]
[ECO "E01"]
[WhiteElo "2428"]
[BlackElo "2548"]
[Annotator "ChessBase"]
[PlyCount "87"]
[EventDate "2019.12.03"]
[EventType "swiss"]
[EventCountry "ESP"]
[SourceTitle "playchess.com"]
[Source "ChessBase"]
[SourceQuality "1"]
[TimeControl "40/5400+30:1800+30"]

1. d4 Nf6 2. c4 e6 3. g3 d5 4. Bg2 Bb4+ 5. Bd2 Bd6 6. Nf3 c6 7. Qc2 Nbd7 8. O-O O-O 9. Bf4 Bxf4 10. gxf4 b6 11. cxd5 cxd5 12. Nc3 Bb7 13. Rac1 Qe7 14. Ne5 Rfc8 15. Qd2 Ne4 16. Nxe4 dxe4 17. Rxc8+ Rxc8 18. Rc1 Qd8 19. Rxc8 Qxc8 20. Qc3 Qxc3 21. bxc3 Nb8 22. e3 Kf8 23. a3 b5 24. Nd3 Nd7 25. Nb2 Nb6 26. Kf1 Bd5 27. Ke1 Ke7 28. Bf1 a6 29. Kd2 Bb3 30. Bg2 Bd5 31. c4 Bxc4 32. Bxe4 Bd5 33. Bd3 Bc6 34. e4 a5 35. Nd1 Na8 36. Ne3 Nc7 37. f5 g6 38. fxe6 fxe6 39. Ng4 g5 40. Kc3 h5 41. Ne5 Be8 42. Nf3 g4 43. Ne5 Kf6 44. Kd2 {Kxe5} 1/2-1/2

[Event "elllobregat Open-A 2019"]
[Site "El Prat de Llobregat"]
[Date "2019.12.11"]
[Round "9.6"]
[White "Raja Harshit"]
[Black "Gukesh D"]
[Result "1-0"]
[ECO "B31"]
[WhiteElo "2447"]
[BlackElo "2547"]
[Annotator "ChessBase"]
[PlyCount "65"]
[EventDate "2019.12.03"]
[EventType "swiss"]
[EventCountry "ESP"]
[SourceTitle "playchess.com"]
[Source "ChessBase"]
[SourceQuality "1"]
[TimeControl "40/5400+30:1800+30"]

1. e4 c5 2. Nf3 Nc6 3. Bb5 g6 4. d3 Bg7 5. Bxc6 bxc6 6. O-O d6 7. e5 dxe5 8. Re1 c4 9. Nxe5 cxd3 10. Nc3 Nf6 11. Nxc6 Qd6 12. Qf3 Bb7 13. Nxe7 Bxf3 14. Nf5+ Kd7 15. Nxd6 Nd5 16. gxf3 Nxc3 17. Nc4 Ne2+ 18. Kf1 Nd4 19. Bg5 f6 20. Rad1 fxg5 21. Rxd3 Kc6 22. Re7 Bf6 23. Rf7 Rhf8 24. Rxh7 Rh8 25. Rf7 Rhf8 26. Rh7 Rh8 27. Na5+ Kb6 28. Nc4+ Kb5 29. Rc7 Rxh2 30. a4+ Ka6 31. Rf7 Bh8 32. b4 Rh4 33. Rxd4 1-0

[Event "elllobregat Open-A 2019"]
[Site "El Prat de Llobregat"]
[Date "2019.12.11"]
[Round "9.7"]
[White "Sankalp Gupta"]
[Black "Sosa, Tomas"]
[Result "1-0"]
[ECO "C75"]
[WhiteElo "2365"]
[BlackElo "2520"]
[Annotator "ChessBase"]
[PlyCount "83"]
[EventDate "2019.12.03"]
[EventType "swiss"]
[EventCountry "ESP"]
[SourceTitle "playchess.com"]
[Source "ChessBase"]
[SourceQuality "1"]
[TimeControl "40/5400+30:1800+30"]

1. e4 e5 2. Nf3 Nc6 3. Bb5 a6 4. Ba4 d6 5. c3 Bd7 6. O-O g6 7. d4 Bg7 8. dxe5 dxe5 9. Be3 Nf6 10. Nbd2 O-O 11. h3 Re8 12. Bb3 h6 13. a4 Nh5 14. Bd5 Qf6 15. a5 Rad8 16. Qb3 Bc8 17. Rfd1 Nf4 18. Bxf4 exf4 19. Nc4 g5 20. Rd2 Bf8 21. Rad1 Bc5 22. Nce5 Nxe5 23. Nxe5 Kg7 24. Nxf7 Rxd5 25. Qxd5 Ba7 26. Nd8 g4 27. Qh5 Kf8 28. hxg4 Re5 29. Qh3 Qg6 30. Qf3 Rxe4 31. Nc6 Bxg4 32. Rd8+ Kf7 33. R1d7+ Bxd7 34. Rxd7+ Ke8 35. Rd8+ Kf7 36. Nxa7 Re1+ 37. Kh2 Qf5 38. Rd4 Ke8 39. Rxf4 Qc5 40. b4 Qxa7 41. Rf8+ Kd7 42. Qd5+ 1-0